 Dungeon Crawl Stone Soup version 0.32-a0-484-g2eb335deba (webtiles) character file.

Game seed: 14111442474206135668

1778 inmateoo the Magician (level 8, -7/41 HPs)
             Began as a Deep Elf Conjurer on Feb 26, 2024.
             Was a Follower of Hepliaklqana.
             Killed from afar by an electric eel (17 damage)
             ... with a bolt of electricity
             ... on level 6 of the Dungeon.
             The game lasted 00:07:47 (7316 turns).

inmateoo the Magician (Deep Elf Conjurer)           Turns: 7316, Time: 00:07:48

Health: -7/41      AC:  2    Str:  4    XL:     8   Next: 81%
Magic:  16/20      EV: 14    Int: 26    God:    Hepliaklqana [*.....]
Gold:   371        SH:  0    Dex: 13    Spells: 13/20 levels left

rFire   . . .        n - staff of conjuration
rCold   . . .        (no shield)
rNeg    . . .        a - +0 robe
rPois   .            (no helmet)
rElec   .            (no cloak)
rCorr   .            (no gloves)
SInv    .            (no boots)
Will    .....        (no amulet)
Stlth   +++          (no ring)
HPRegen 0.26/turn    (no ring)
MPRegen 0.17/turn

%: no passive effects
@: no status effects
A: reduced essence
a: Renounce Religion, Recall Ancestor, Ancestor Identity


You were on level 6 of the Dungeon.
You worshipped Hepliaklqana.
Hepliaklqana was aware of your devotion.
You visited 2 branches of the dungeon, and saw 7 of its levels.
You also visited: Ossuary.

You collected 371 gold pieces.

Inventory:

Hand Weapons
 d - the +5 war axe of Res Judicata {heavy, *Corrode rN++ Dex+3}
   (You found it on level 2 of the Dungeon)

   Dex+3:     It affects your dexterity (+3).
   rN++:      It greatly protects you from negative energy.
   *Corrode:  It may corrode you when you take damage.
Armour
 a - a +0 robe (worn)
Magical Staves
 n - a staff of conjuration (weapon)
Jewellery
 q - a ring of see invisible
 s - an amulet of guardian spirit
Scrolls
 f - 2 scrolls of teleportation
 j - a scroll of revelation
 m - a scroll of silence
 o - 2 scrolls of brand weapon
 t - a scroll of vulnerability
 v - a scroll of poison
Potions
 b - a potion of magic
 c - 5 potions of enlightenment
 e - 5 potions of curing
 g - a potion of invisibility
 h - a potion of berserk rage
 i - a potion of might {unknown}
 k - 2 potions of lignification {unknown}
 l - 2 potions of brilliance {unknown}
 p - a potion of haste {unknown}
 r - a potion of ambrosia {unknown}
 u - a potion of attraction {unknown}
 w - 3 potions of mutation {unknown}
 x - a potion of degeneration {unknown}
 z - a potion of heal wounds {unknown}


   Skills:
 + Level 3.4 Fighting
 + Level 6.0 Dodging
 + Level 6.3 Stealth
 - Level 2.0 Unarmed Combat
 + Level 6.8 Spellcasting
 + Level 6.7 Conjurations
 + Level 4.1 Alchemy


You had 13 spell levels left.
You knew the following spells:

 Your Spells              Type           Power      Damage    Failure   Level
a - Magic Dart            Conj           100%       1d8       1%          1
b - Searing Ray           Conj           100%       2d8       1%          2
c - Fulminant Prism       Conj/Alch      27%        3d14      7%          4

Your spell library contained the following spells:

 Spells                   Type           Power      Damage    Failure   Level
 Foxfire                  Conj/Fire      100%       2x1d9     1%          1
 Apportation              Tloc           16%        N/A       6%          1
 Jinxbite                 Hex            16%        N/A       10%         2
 Iskenderun's Mystic Bla  Conj/Tloc      39%        2d9       16%         4
 Volatile Blastmotes      Fire/Tloc      16%        2d11      19%         3
 Alistair's Intoxication  Alch           20%        N/A       32%         5
 Starburst                Conj/Fire      19%        6d7       94%         6
 Plasma Beam              Fire/Air       4%         2x1d14    100%        6


Dungeon Overview and Level Annotations

Branches:
Dungeon (6/15)             Temple (1/1) D:5         Ossuary (visited)

Altars:
Ashenzari
Cheibriados
Dithmenos
Gozag
Hepliaklqana
Kikubaaqudgha
Makhleb
Nemelex Xobeh
Qazlal
Trog
Uskayaw
Vehumet
Yredelemnul
Zin

Shops:
D:6 :

Portals:
Abyss: D:3

Annotations:
D:3 2 transporters, Skimidon's ghost, amateur DgHu


Message History

The electric eel is severely wounded.
The searing ray hits the plant.
The plant begins to die.
The plant is lightly damaged. (Press . to maintain the ray.)
The searing ray hits the electric eel!
You kill the electric eel!
Your Dodging skill increases to level 6!
A nearby plant withers and dies.
Found a scroll labelled WUONKA PULONT.
An electric eel comes into view.
You see here a scroll labelled WUONKA PULONT.
A hound comes into view.
The hound barks!
The electric eel shoots out a bolt of lightning at you!
The bolt of electricity hits the plant!
The plant begins to die.
The bolt of electricity hits you!
Casting: Searing Ray (safe; 1% risk of failure)
Confirm with . or Enter, or press ? or * to list all spells.
Aiming: Searing Ray (safe; 1% risk of failure)
Press: ? - help, Shift-Dir - straight line, f - electric eel
Aim: an electric eel (ally target, 72% to hit)
You feel a surge of power!
The searing ray hits the electric eel!
The electric eel is heavily wounded. (Press . to maintain the ray.)
The electric eel shoots out a bolt of lightning at you!
The bolt of electricity hits you!
Lyiptyna misses the electric eel.
The searing ray hits the electric eel.
The electric eel is severely wounded.
The hound barely misses you.
The electric eel shoots out a bolt of lightning at you!
The bolt of electricity hits you!
* * * LOW HITPOINT WARNING * * *
The hound misses you.
Lyiptyna barely misses the electric eel.
The searing ray misses the electric eel.
A nearby plant withers and dies.
The electric eel shoots out a bolt of lightning at you!
The bolt of electricity hits you!
You die...
Hepliaklqana delivers you to your ancestors.

# ≈≈≈≈.~~ # ~≈≈~.≈≈ #
~~≈~.~~♣♣ ♣## #### #
~~≈~.~~~♣♣♣~###♣♣♣~P## #
~P≈~.~~~~~~~♣♣~PP~P~~###
~~~~.~~~R~~P~~~~P~~~~♣#.
~~P~.~~S~P~~~~~~~~~P~P♣.
~~~....@h...?...........
#♣~..♣~~P~~~~~PP~~~~~~~.
... #♣♣P~~P♣♣♣♣~~~~~~~#
# ♣♣♣♣~~#♣~~~~~P~##
♣#####♣~♣♣♣## ###


You could see the friendly Lyiptyna the ancestor, a hound and an electric eel
(ally target).

Vanquished Creatures
  A steam dragon (D:6)
  2 black bears (D:6)
  A centaur (D:5)
  A phantom (D:6)
  2 elf zombies (Ossuary)
  A weeping skull (Ossuary)
  A bullfrog (D:6)
  A scorpion (D:5)
  A howler monkey (D:5)
  An electric eel (D:6)
  A jelly (D:6)
  2 centaur zombies (Ossuary)
  4 hounds
  A bombardier beetle (D:4)
  A gnoll bouda (D:5)
  4 iguanas
  A sleepcap (D:5)
  A killer bee zombie (Ossuary)
  A crocodile zombie (Ossuary)
  3 mummies (Ossuary)
  10 adders
  8 gnolls
  A white imp (D:5)
  An adder zombie (Ossuary)
  A ribbon worm (D:5)
  2 dart slugs
  3 orcs
  8 endoplasms
  3 giant cockroaches
  2 goblins
  13 hobgoblins
  7 jackals
  6 kobolds
  5 quokkas
  6 ball pythons
  2 ball python zombies (Ossuary)
  8 bats
  3 frilled lizards (D:2)
  3 gnoll zombies (Ossuary)
  2 jackal zombies (Ossuary)
  2 kobold zombies (Ossuary)
  2 orc zombies (Ossuary)
  4 rats
133 creatures vanquished.

Vanquished Creatures (collateral kills)
  An elf zombie (Ossuary)
  A bombardier beetle (D:6)
  A centaur zombie (Ossuary)
  A hound zombie (Ossuary)
  4 adder zombies (Ossuary)
  A ball python zombie (Ossuary)
  2 jackal zombies (Ossuary)
  3 kobold zombies (Ossuary)
14 creatures vanquished.

Vanquished Creatures (others)
  2 ancestors
2 creatures vanquished.

Grand Total: 149 creatures vanquished

Notes
Turn   | Place    | Note
-------+----------+-------------------------------------------
     0 | D:1      | inmateoo the Deep Elf Conjurer began the quest for the Orb.
     0 | D:1      | Reached XP level 1. HP: 10/10 MP: 6/6
   136 | D:1      | Reached XP level 2. HP: 15/15 MP: 2/8
   698 | D:1      | Learned a level 2 spell: Searing Ray
   770 | D:2      | Reached XP level 3. HP: 19/19 MP: 3/10
  1122 | D:2      | Identified the +5 war axe of Res Judicata {heavy, *Corrode
                  | rN++ Dex+3}
  1167 | D:2      | Reached XP level 4. HP: 24/24 MP: 3/11
  1328 | D:3      | Noticed Skimidon's ghost (amateur DgHu)
  1328 | D:3      | Found a one-way gate to the infinite horrors of the Abyss.
  1330 | D:3      | Noticed a small abomination
  1534 | D:3      | Found an opulent altar of Gozag.
  1719 | D:3      | Found a transporter.
  1726 | D:3      | Found a transporter.
  2023 | D:3      | Found a bloodstained altar of Trog.
  2023 | D:3      | Found a basalt altar of Yredelemnul.
  2421 | D:4      | Reached skill level 1 in Unarmed Combat
  2459 | D:4      | Learned a level 4 spell: Fulminant Prism
  2551 | D:4      | Found a shadowy altar of Dithmenos.
  2558 | D:4      | Reached skill level 1 in Fighting
  2558 | D:4      | Reached skill level 5 in Conjurations
  2592 | D:4      | Reached XP level 5. HP: 29/29 MP: 7/13
  2789 | D:4      | Reached skill level 1 in Alchemy
  3374 | D:4      | Reached XP level 6. HP: 34/34 MP: 4/14
  3852 | D:5      | Entered Level 5 of the Dungeon
  4306 | D:5      | Found a staircase to the Ecumenical Temple.
  4317 | Temple   | Entered the Ecumenical Temple
  4330 | Temple   | Became a worshipper of Hepliaklqana the Forgotten
  5361 | D:5      | Reached skill level 5 in Spellcasting
  5361 | D:5      | Reached XP level 7. HP: 39/39 MP: 11/16
  5629 | D:6      | Reached * piety under Hepliaklqana
  5692 | D:6      | Found Xuama's Book Shop.
  5814 | D:6      | Found a sand-covered staircase.
  5821 | D:6      | Reached skill level 5 in Stealth
  5884 | Ossuary  | Entered an ossuary
  6154 | Ossuary  | Reached skill level 5 in Dodging
  6159 | Ossuary  | Reached XP level 8. HP: 38/40 MP: 5/18
  7316 | D:6      | Killed from afar by an electric eel

Illustrated notes

Levels and vault maps discovered:
D:1:      eino_arrival_water_cross, layout_loops_ring
D:2:      layout_loops_ring
D:3:      layout_basic, amcnicky_altar_gilded, gammafunk_temple_overflow_pools,
          gammafunk_ghost_abyssal_escape, kennysheep_small_spiral
D:4:      layout_layer_cave, mainiacjoe_overflow_boulevard, minmay_quantized
D:5:      layout_basic, minmay_temple_entry_overgrown, sigmund_army
D:6:      kennysheep_spiral_hall, layout_basic, led_sif_pool, serial_shops,
          nicolae_shop_pleasant_corner_grove,
          lightli_ossuary_entry_decrepit_ruins, grunt_decor_fettered,
          serial_bayou_lagoon_b
Temple:   dpeg_chambers_temple

Skill      XL: |  1  2  3  4  5  6  7  8 |
---------------+-------------------------+-----
Stealth        | 3 4 5 6 |  6.3
Dodging        | 3 4 5 6 |  6.0
Unarmed Combat | 1 2 |  2.0
Spellcasting   | 4 5 6 |  6.8
Fighting       | 1 2 3 |  3.4
Conjurations   | 5 6 |  6.7
Alchemy        | 1 2 3 4 |  4.1

Action                     |  1- 3 |  4- 6 |  7- 9 || total
---------------------------+-------+-------+-------++-------
  Melee: War axe           |       |     1 |       ||     1
         Staff             |       |       |    15 ||    15
   Cast: Magic Dart        |    75 |   141 |    77 ||   293
         Searing Ray       |       |    11 |    29 ||    40
    Use: Scroll            |     2 |     7 |     3 ||    12
 Armour: Robe              |     4 |    18 |    42 ||    64
  Dodge: Dodged            |     7 |    26 |    48 ||    81

Table legend: (Time is in decaauts)
 A = Elapsed time spent in this place.
 B = Non-inter-level travel time spent in this place.
 C = Inter-level travel time spent in this place.
 D = Time resting spent in this place.
 E = Time spent auto-exploring this place.
 F = Levels seen in this place.
 G = Mean time per level.
                   A        B        C        D        E       F      G
               +--------+--------+--------+--------+--------+-----+--------+
         Total |   7317 |   7094 |    223 |   2282 |   3858 |   8 |  914.6 |
       Dungeon |   6432 |   6233 |    199 |   1767 |   3780 |   6 | 1072.0 |
        Temple |     26 |      2 |     24 |      0 |      0 |   1 |   26.0 |
       Ossuary |    858 |    858 |      0 |    515 |     78 |   1 |  858.0 |
               +--------+--------+--------+--------+--------+-----+--------+

Top non-repeatable levels by time:
     D:5: 1750 daAuts
     D:4: 1432 daAuts
     D:3: 1091 daAuts
 Ossuary: 858 daAuts
     D:6: 830 daAuts
     D:1: 706 daAuts
     D:2: 621 daAuts
  Temple: 26 daAuts
